 Dungeon Crawl Stone Soup version 0.24.1-14-gf8d2b509d9 (console) character file.

Game seed: 16164488265032412040, levelgen mode: deterministic

93271 Kagalorn the Fighter (level 16, -3/125 HPs)
             Began as a Gnoll Wanderer on Nov 27, 2020.
             Was the Champion of Ashenzari.
             Slain by an ogre
             ... wielding a +0 giant club
             ... summoned by an orange crystal statue
              (14 damage)
             ... while paralysed by an orc sorcerer
             ... on level 2 of the Orcish Mines.
             The game lasted 01:10:34 (29749 turns).

Kagalorn the Fighter (Gnoll Wanderer)              Turns: 29749, Time: 01:10:35

Health: -3/125     AC: 23    Str: 20      XL:     16   Next: 8%
Magic:  1/30       EV:  2    Int: 19 (21) God:    Ashenzari [******]
Gold:   2102       SH:  0    Dex: 17      Spells: 26/35 levels left

rFire    . . .     SeeInvis +   a - +10 flail of Cowardice {crush, Int+2} (curse)
rCold    . . .     Gourm    .   d - +1 shield (curse)
rNeg     . . .     Faith    .   x - +3 plate armour
rPois    +         Spirit   .   (no helmet)
rElec    .         Reflect  .   p - +2 cloak
rCorr    .         Harm     .   w - +1 pair of gloves
MR       +....     Clarity  +   (no boots)
Stlth    ..........             (no amulet)
HPRegen  0.30/turn              W - ring of poison resistance
MPRegen  0.22/turn              k - +5 ring of intelligence

@: paralysed
A: distributed training, fangs 1, strong nose
a: Curse Item, Scrying, Renounce Religion


You were on level 2 of the Orcish Mines.
You worshipped Ashenzari.
Ashenzari was exalted by your worship.
You were very hungry.

You visited 4 branches of the dungeon, and saw 24 of its levels.
You also visited: Bailey.

You collected 2571 gold pieces.
You spent 469 gold pieces at shops.

Inventory:

Hand Weapons
 a - the cursed +10 flail of Cowardice (weapon) {crush, Int+2}
   (You found it on level 8 of the Dungeon)

   It inflicts extra damage upon your enemies.
   It affects your intelligence (+2).
   It has a curse placed upon it.
 e - a +1 broad axe of chopping
Missiles
 b - 32 boomerangs
 s - 79 poisoned darts (quivered)
 y - 12 javelins
 O - 2 throwing nets
 X - 7 silver boomerangs
 Z - 12 curare-tipped darts
Armour
 d - a cursed +1 shield (worn)
 p - a +2 cloak (worn)
 w - a +1 pair of gloves (worn)
 x - a +3 plate armour (worn)
Jewellery
 i - an uncursed ring of protection from cold
 k - a +5 ring of intelligence (right hand)
 u - an uncursed ring of protection from cold
 v - an uncursed ring of fire
 A - an uncursed ring of flight
 G - an uncursed ring of resist corrosion
 W - a ring of poison resistance (left hand)
Wands
 h - a wand of paralysis (17)
 j - a wand of acid (11)
 t - a wand of polymorph (40)
 J - a wand of flame (51)
 S - a wand of clouds (6)
 U - a wand of iceblast (30)
Scrolls
 l - 13 scrolls of teleportation
 o - 5 scrolls of blinking
 r - 7 scrolls of magic mapping
 D - 6 scrolls of remove curse
 E - a scroll of summoning
 H - 4 scrolls of identify
 L - 4 scrolls of vulnerability
 M - a scroll of silence
 N - 7 scrolls of enchant armour
 P - 4 scrolls of fear
 R - 2 scrolls of fog
 T - 4 scrolls of amnesia
 Y - 4 scrolls of enchant weapon
Potions
 c - a potion of cancellation
 g - 2 potions of haste
 m - 5 potions of heal wounds
 n - 10 potions of curing
 q - 2 potions of invisibility
 z - 2 potions of agility
 B - 3 potions of berserk rage
 C - a potion of ambrosia
 F - 2 potions of mutation
 I - 7 potions of brilliance
 K - 4 potions of lignification
 Q - 2 potions of might
 V - 3 potions of magic
Comestibles
 f - 20 rations


   Skills:
 + Level 11.2 Fighting
 + Level 10.3 Short Blades
 + Level 10.3 Long Blades
 + Level 10.3 Axes
 + Level 10.3(14.6) Maces & Flails
 + Level 10.3 Polearms
 + Level 10.3 Staves
 + Level 10.3 Slings
 + Level 10.3 Bows
 + Level 10.3 Crossbows
 + Level 10.3 Throwing
 + Level 10.7 Armour
 + Level 10.3 Dodging
 + Level 10.6 Stealth
 + Level 10.7(13.4) Shields
 + Level 10.3 Unarmed Combat
 + Level 10.3 Spellcasting
 + Level 9.0 Conjurations
 + Level 8.7 Hexes
 + Level 8.7 Charms
 + Level 8.7 Summonings
 + Level 8.7 Necromancy
 + Level 8.7 Translocations
 + Level 8.7 Transmutations
 + Level 8.7 Fire Magic
 + Level 8.7 Ice Magic
 + Level 8.7 Air Magic
 + Level 8.7 Earth Magic
 + Level 11.1 Poison Magic
 + Level 11.2 Invocations
 + Level 10.3 Evocations


You had 26 spell levels left.
You knew the following spells:

 Your Spells              Type           Power        Failure   Level  Hunger
c - Petrify               Tmut/Erth      #####...     36%         4    ##.....
d - Spectral Weapon       Hex/Chrm       #####...     12%         3    None
h - Blink                 Tloc           N/A          6%          2    None

Your spell library contained the following spells:

 Spells                   Type           Power        Failure   Level  Hunger
 Freeze                   Ice            ####         3%          1    None
 Infusion                 Chrm           ####         3%          1    None
 Magic Dart               Conj           ####         3%          1    None
 Throw Frost              Conj/Ice       #####.       5%          2    None
 Call Imp                 Summ           #####...     6%          2    None
 Passwall                 Tmut/Erth      #####...     6%          2    None
 Shroud of Golubria       Chrm/Tloc      #####.       6%          2    None
 Slow                     Hex            #####...     6%          2    None
 Song of Slaying          Chrm           #####...     6%          2    None
 Sublimation of Blood     Necr           #####.....   6%          2    None
 Swiftness                Chrm/Air       #####...     6%          2    None
 Mephitic Cloud           Conj/Pois/Air  #####...     8%          3    None
 Ignite Poison            Fire/Tmut/Pois #####...     9%          3    None
 Conjure Flame            Conj/Fire      #####...     11%         3    None
 Ozocubu's Armour         Chrm/Ice       #####...     12%         3    None
 Regeneration             Chrm/Necr      #####.....   12%         3    None
 Throw Icicle             Conj/Ice       #####...     34%         4    ##.....
 Passage of Golubria      Tloc           N/A          36%         4    ##.....
 Summon Ice Beast         Ice/Summ       #####...     36%         4    ##.....
 Alistair's Intoxication  Tmut/Pois      #####...     54%         5    #####..
 Irradiate                Conj/Tmut      #####.....   69%         5    #####..
 Lee's Rapid Deconstruct  Erth           #####.....   71%         5    #####..
 Darkness                 Hex            #####.....   99%         6    ######.
 Invisibility             Hex            #####...     99%         6    ######.


Dungeon Overview and Level Annotations

Branches:
Dungeon (15/15)            Temple (1/1) D:7            Lair (6/6) D:8
 Shoals (0/4) Lair:2        Snake (0/4) Lair:2        Slime (0/5) Lair:5
    Orc (2/2) D:12            Elf (0/3) Orc:2        Vaults (0/5) D:14
 Depths (0/5) D:15         Bailey (visited)

Altars:
Ashenzari
Cheibriados
Dithmenos
Elyvilon
Fedhas
Gozag
Hepliaklqana
Kikubaaqudgha
Makhleb
Nemelex Xobeh
Okawaru
Qazlal
Ru
Sif Muna
Trog
Uskayaw
Vehumet
Wu Jian
Xom
Yredelemnul
Zin
The Shining One
Jiyva

Shops:
D:7 *   D:11 }!:*   D:13 *   Orc:2 !![}

Annotations:
D:9 Psyche
D:10 exclusion: orange crystal statue
D:13 2 transporters, Xuta's ghost, journeyman FoFi
D:14 2 runed translucent doors
Lair:2 exclusion: oklob plant
Lair:3 1 runed translucent door, Hezag's ghost, journeyman OpTm
Lair:5 1 runed translucent door
Orc:2 1 runed translucent door, exclusion: 4 orange crystal statues


Innate Abilities, Weirdness & Mutations

Your experience applies equally to all skills.
You have very sharp teeth.
Your uncanny sense of smell can sniff out nearby items.


Message History

The orc warrior hits you with a +0 dire flail!!
The orange crystal statue glitters.
You feel momentarily confused.
The orange crystal statue glitters topaz in the dim dungeon light.
The orc warrior hits you but does no damage.
The warg bites you but does no damage. The orc wizard barely misses you.
The orc warrior hits you with a +0 scimitar!
* * * LOW HITPOINT WARNING * * *
The orc knight hits you with a +1 great mace!
* * * LOW HITPOINT WARNING * * *
The orc sorcerer hits you with a +0 dagger!
* * * LOW HITPOINT WARNING * * *
The warg bites you but does no damage.
The orange crystal statue glitters.
You easily resist.
The orange crystal statue glitters topaz in the dim dungeon light.
The orc warrior hits you but does no damage.
The ogre hits you with a +0 giant club!
You die...

#................#...........
#......[[[).......#..........
##.#...[<[...<...............
##.....[[.§§................
#......§§§§§§§..............
##......####§####............
#.......#8§§§§.8#............
#.......#.#ooO#.#............
##......#Ooo@oo.#............
###....#.ohooo.#............
#.....#.oooo..#........>...
##.....#.#.o.#.#........#...
#......#8.....8#.........#..
##.....####+####........#...
##.#..........)...........#..
#.............[[.............
##.........####.........#.#..


You could see 3 orange crystal statues, an orc knight, a warg, an orc sorcerer,
3 orc warriors, 2 ogres, an orc wizard (invisible) and 9 orcs.

Vanquished Creatures
  7 dire elephants
  An ettin (Orc:2)
  Snorg (Orc:2)
  2 fire dragons
  2 hydras
  A yaktaur captain (D:14)
  3 centaur warriors
  Erica (Orc:1)
  18 two-headed ogres
  2 ogre magi (Orc:2)
  5 death yaks
  A queen ant (D:8)
  An anaconda (Lair:6)
  An orc high priest (D:12)
  Urug (Orc:2)
  An iron troll (Orc:1)
  Nergalle (D:9)
  A fire crab (Lair:4)
  2 unseen horrors
  A deep troll (Orc:1)
  A deep elf archer (Bailey)
  A wolf spider (D:12)
  A wolf spider zombie (D:12)
  2 manticores
  8 deep elf magi (Bailey)
  5 cyclopes
  4 elephants (Lair:6)
  An orc sorcerer (Orc:2)
  8 ugly things
  Maurice (D:9)
  2 merfolk sirens (Lair:2)
  5 black mambas
  3 gargoyles
  6 spiny frogs
  4 centaur skeletons
  2 yaktaurs (D:14)
  4 efreet
  4 komodo dragons
  A queen bee (shapeshifter) (D:13)
  15 trolls
  A polar bear (Lair:6)
  2 merfolk (Lair:2)
  Grinder (D:5)
  8 slime creatures
  13 hippogriffs
  A meliai zombie (D:11)
  4 blink frogs (Lair:3)
  3 centaur simulacra
  A spriggan (D:8)
  A water elemental (D:14)
  A shadow (D:13)
  4 wyverns
  A spriggan (shapeshifter) (D:13)
  A vampire (D:14)
  A human (shapeshifter) (D:13)
  4 wraiths
  48 yaks
  3 hungry ghosts
  3 basilisks
  7 vampire mosquitoes (D:13)
  A warg (Orc:2)
  3 nagas (Lair:2)
  12 soldier ants
  13 water moccasins
  Duvessa (D:4)
  17 orc warriors
  2 porcupines (Lair:4)
  2 sky beasts
  5 ice beasts
  A black bear (Lair:2)
  An eye of draining (D:13)
  3 phantoms
  5 necrophages (D:11)
  25 ogres
  8 centaurs
  2 wolves (D:7)
  16 crocodiles
  2 big kobolds
  Blork the orc (D:6)
  16 bullfrogs
  2 wyvern zombies
  A gnoll sergeant (D:9)
  2 scorpions
  Dowan (D:4)
  3 troll zombies (D:12)
  12 killer bees
  11 wights
  8 howler monkeys
  4 electric eels (D:8)
  4 crimson imps
  3 centaur zombies
  4 jellies
  A bullfrog zombie (D:8)
  8 hounds
  19 orc wizards
  A gnoll shaman (D:10)
  13 orc priests
  2 bullfrog skeletons
  6 iguanas
  34 worker ants
  A killer bee zombie (D:6)
  5 ogre zombies (D:12)
  A hound zombie (D:5)
  4 hound skeletons
  A mummy (D:11)
  3 worker ant zombies
  A howler monkey zombie (D:6)
  22 adders
  14 gnolls
  2 shadow imps (D:7)
  An adder zombie (D:5)
  An adder skeleton (D:5)
  2 worms (D:3)
  5 dart slugs
  2 leopard geckos
  65 orcs
  2 ball pythons
  10 bats
  4 giant cockroaches
  7 hobgoblins
  14 jackals
  A quokka (D:5)
  5 frilled lizards
  2 goblins (D:1)
  2 goblin skeletons (D:12)
  2 goblin zombies (D:12)
  2 hobgoblin skeletons (D:12)
  3 hobgoblin zombies (D:12)
  9 kobolds
  A leopard gecko skeleton (D:5)
  2 orc skeletons (D:12)
  14 orc zombies (D:12)
  12 rats
  3 plants (Lair:6)
739 creatures vanquished.

Vanquished Creatures (others)
  A sky beast (D:5)
  An orc (Orc:2)
  2 fungi
  5 plants (Lair:6)
  A spectral weapon (Lair:6)
10 creatures vanquished.

Grand Total: 749 creatures vanquished

Notes
Turn   | Place    | Note
-------+----------+-------------------------------------------
     0 | D:1      | Kagalorn the Gnoll Wanderer began the quest for the Orb.
     0 | D:1      | Kagalorn set off with the following items: a +0 shortbow, a
                  | +2 scale mail, 22 arrows, a +0 shield, a ration
     0 | D:1      | Reached XP level 1. HP: 20/20 MP: 1/1
   204 | D:1      | Reached XP level 2. HP: 20/26 MP: 2/2
   725 | D:1      | Reached XP level 3. HP: 26/31 MP: 3/3
  1330 | D:2      | Reached skill level 1 in Invocations
  1717 | D:2      | Reached skill level 1 in Short Blades
  1717 | D:2      | Reached skill level 1 in Long Blades
  1717 | D:2      | Reached skill level 1 in Axes
  1717 | D:2      | Reached skill level 1 in Maces & Flails
  1717 | D:2      | Reached skill level 1 in Polearms
  1717 | D:2      | Reached skill level 1 in Staves
  1717 | D:2      | Reached skill level 1 in Slings
  1717 | D:2      | Reached skill level 1 in Bows
  1717 | D:2      | Reached skill level 1 in Crossbows
  1717 | D:2      | Reached skill level 1 in Throwing
  1717 | D:2      | Reached skill level 1 in Dodging
  1717 | D:2      | Reached skill level 1 in Unarmed Combat
  1717 | D:2      | Reached skill level 1 in Spellcasting
  1717 | D:2      | Reached skill level 1 in Evocations
  1803 | D:2      | Reached XP level 4. HP: 38/38 MP: 5/5
  1831 | D:2      | Found a hazy altar of Hepliaklqana.
  1926 | D:2      | Found a hide-covered altar of Uskayaw.
  2698 | D:3      | Found a blossoming altar of Fedhas.
  3199 | D:4      | Reached skill level 1 in Hexes
  3199 | D:4      | Reached skill level 1 in Charms
  3199 | D:4      | Reached skill level 1 in Summonings
  3199 | D:4      | Reached skill level 1 in Necromancy
  3199 | D:4      | Reached skill level 1 in Translocations
  3199 | D:4      | Reached skill level 1 in Transmutations
  3199 | D:4      | Reached skill level 1 in Fire Magic
  3199 | D:4      | Reached skill level 1 in Ice Magic
  3199 | D:4      | Reached skill level 1 in Air Magic
  3199 | D:4      | Reached skill level 1 in Earth Magic
  3205 | D:4      | Noticed Grinder
  3267 | D:5      | Entered Level 5 of the Dungeon
  3313 | D:5      | Noticed a centaur
  3329 | D:5      | Noticed a sky beast
  3338 | D:5      | Reached XP level 5. HP: 41/43 MP: 6/6
  3346 | D:5      | Killed a sky beast
  3358 | D:5      | Reached XP level 6. HP: 30/50 MP: 8/8
  3375 | D:5      | Reached skill level 5 in Fighting
  4085 | D:6      | Found an opulent altar of Gozag.
  4091 | D:6      | Found a shimmering altar of Xom.
  4091 | D:6      | Found a shimmering altar of Xom.
  4096 | D:6      | Found a shimmering altar of Xom.
  4097 | D:6      | Found a shimmering altar of Xom.
  4273 | D:6      | Reached XP level 7. HP: 55/56 MP: 10/10
  4597 | D:6      | Noticed Blork the orc
  4612 | D:6      | Killed Blork the orc
  4666 | D:6      | Reached XP level 8. HP: 63/63 MP: 12/12
  4980 | D:7      | Noticed a hippogriff
  5010 | D:7      | Killed a hippogriff
  5958 | D:7      | Reached XP level 9. HP: 54/69 MP: 14/14
  6000 | D:7      | Found a staircase to the Ecumenical Temple.
  6052 | Temple   | Entered the Ecumenical Temple
  6272 | D:7      | Found Siniumm's Assorted Antiques.
  6283 | D:7      | Bought a brown potion for 27 gold pieces
  6283 | D:7      | Bought a scroll labeled XAFFOCSU FOTIU for 30 gold pieces
  6283 | D:7      | Bought a scroll labeled QOPAWE YNGUS for 30 gold pieces
  6283 | D:7      | Bought a scroll labeled QOPAWE YNGUS for 30 gold pieces
  6539 | D:7      | Found a sparkling altar of Nemelex Xobeh.
  6542 | D:7      | Found a bloodstained altar of Trog.
  6544 | D:7      | Found an ornate altar of the Wu Jian Council.
  6546 | D:7      | Found a snail-covered altar of Cheibriados.
  6547 | D:7      | Found a glowing golden altar of the Shining One.
  6549 | D:7      | Found a shattered altar of Ashenzari.
  6557 | D:7      | Became a worshipper of Ashenzari the Shackled
  6816 | D:4      | Noticed Duvessa
  6824 | D:4      | Noticed Dowan
  6839 | D:4      | Killed Dowan
  6844 | D:4      | Killed Duvessa
  7096 | D:4      | Paralysed by Grinder for 2 turns
  7102 | D:5      | Paralysed by Grinder for 2 turns
  7113 | D:5      | Killed Grinder
  7122 | D:4      | Reached skill level 5 in Armour
  7122 | D:4      | Reached skill level 5 in Shields
  7568 | D:8      | Got the flail of Cowardice {crush, Int+2}
  7569 | D:8      | Identified the +10 flail of Cowardice {crush, Int+2} (You
                  | found it on level 8 of the Dungeon)
  7610 | D:8      | Noticed a troll
  7621 | D:8      | Killed a troll
  7621 | D:8      | Reached skill level 5 in Stealth
  7742 | D:7      | Reached skill level 5 in Invocations
  7781 | D:8      | Noticed a two-headed ogre
  7854 | D:8      | Found a staircase to the Lair.
  8108 | D:8      | Reached XP level 10. HP: 77/77 MP: 17/17
  8206 | D:8      | Noticed a two-headed ogre
  8230 | D:8      | Killed a two-headed ogre
  8230 | D:8      | Reached skill level 5 in Short Blades
  8230 | D:8      | Reached skill level 5 in Long Blades
  8230 | D:8      | Reached skill level 5 in Axes
  8230 | D:8      | Reached skill level 5 in Maces & Flails
  8230 | D:8      | Reached skill level 5 in Polearms
  8230 | D:8      | Reached skill level 5 in Staves
  8230 | D:8      | Reached skill level 5 in Slings
  8230 | D:8      | Reached skill level 5 in Bows
  8230 | D:8      | Reached skill level 5 in Crossbows
  8230 | D:8      | Reached skill level 5 in Throwing
  8230 | D:8      | Reached skill level 5 in Dodging
  8230 | D:8      | Reached skill level 5 in Unarmed Combat
  8230 | D:8      | Reached skill level 5 in Spellcasting
  8230 | D:8      | Reached skill level 5 in Evocations
  8282 | D:8      | Reached * piety under Ashenzari
  8409 | D:8      | Killed a two-headed ogre
  8836 | D:8      | Reached skill level 5 in Conjurations
  9168 | D:9      | Noticed a two-headed ogre
  9184 | D:9      | Killed a two-headed ogre
  9184 | D:9      | Reached XP level 11. HP: 21/84 MP: 19/19
  9457 | D:9      | Noticed Psyche
  9592 | D:9      | Found a shadowy altar of Dithmenos.
  9592 | D:9      | Noticed Maurice
  9616 | D:9      | Paralysed by something for 5 turns
  9791 | D:9      | Reached skill level 5 in Hexes
  9791 | D:9      | Reached skill level 5 in Charms
  9791 | D:9      | Reached skill level 5 in Summonings
  9791 | D:9      | Reached skill level 5 in Necromancy
  9791 | D:9      | Reached skill level 5 in Translocations
  9791 | D:9      | Reached skill level 5 in Transmutations
  9791 | D:9      | Reached skill level 5 in Fire Magic
  9791 | D:9      | Reached skill level 5 in Ice Magic
  9791 | D:9      | Reached skill level 5 in Air Magic
  9791 | D:9      | Reached skill level 5 in Earth Magic
  9802 | D:9      | Killed Maurice
 10341 | D:9      | Noticed a queen ant
 10377 | D:8      | Killed a queen ant
 10955 | D:10     | Entered Level 10 of the Dungeon
 11018 | D:10     | Noticed an orange crystal statue
 11056 | D:10     | Noticed a two-headed ogre
 11125 | D:10     | Killed a two-headed ogre
 11125 | D:10     | Reached XP level 12. HP: 69/93 MP: 22/22
 11322 | D:10     | Noticed Nergalle
 11558 | D:9      | Killed Nergalle
 12135 | D:10     | Reached ** piety under Ashenzari
 12195 | D:11     | Found Soleevio's General Store.
 12203 | D:11     | Bought a scroll of summoning for 142 gold pieces
 12203 | D:11     | Bought a scroll of teleportation for 45 gold pieces
 12203 | D:11     | Bought a scroll of teleportation for 45 gold pieces
 12383 | D:11     | Found Erel's Book Emporium.
 12829 | D:11     | Found Taahargh's Distillery.
 12832 | D:11     | Bought a potion of mutation for 120 gold pieces
 13331 | D:11     | Found Yshreah's Gadget Shoppe.
 13491 | Lair:1   | Entered Level 1 of the Lair of Beasts
 13743 | Lair:1   | Reached *** piety under Ashenzari
 13754 | Lair:1   | Identified a scroll of acquirement
 14210 | Lair:2   | Found a shimmering blue altar of Sif Muna.
 14298 | Lair:2   | Found a staircase to the Shoals.
 14312 | Lair:2   | Reached XP level 13. HP: 45/101 MP: 24/24
 14848 | Lair:2   | Found a staircase to the Snake Pit.
 14908 | Lair:2   | Found a bloodstained altar of Trog.
 15259 | Lair:3   | Reached **** piety under Ashenzari
 15385 | Lair:3   | Found a runed translucent door.
 15850 | Lair:3   | Noticed Hezag's ghost (journeyman OpTm)
 17015 | Lair:5   | Found a runed translucent door.
 17015 | Lair:5   | Found a viscous altar of Jiyva.
 17015 | Lair:5   | Found a staircase to the Slime Pits.
 17015 | Lair:5   | Noticed an acid blob
 17015 | Lair:5   | Noticed an acid blob
 17015 | Lair:5   | Noticed an acid blob
 17037 | Lair:5   | Reached ***** piety under Ashenzari
 17946 | Lair:6   | Entered Level 6 of the Lair of Beasts
 17957 | Lair:6   | Reached skill level 10 in Poison Magic
 18990 | Lair:6   | Learned a level 2 spell: Blink
 19684 | Lair:6   | Reached XP level 14. HP: 108/109 MP: 26/26
 19799 | Lair:6   | Learned a level 3 spell: Spectral Weapon
 19821 | Lair:6   | Noticed a dire elephant
 19831 | Lair:6   | Killed a dire elephant
 20127 | Lair:6   | Noticed a dire elephant
 20136 | Lair:6   | Killed a dire elephant
 20175 | Lair:6   | Noticed a dire elephant
 20189 | Lair:6   | Killed a dire elephant
 20189 | Lair:6   | Reached skill level 10 in Fighting
 20333 | Lair:6   | Noticed a dire elephant
 20344 | Lair:6   | Killed a dire elephant
 20459 | Lair:6   | Noticed a dire elephant
 20459 | Lair:6   | Noticed a dire elephant
 20460 | Lair:6   | Identified the +10 quarterstaff "Koimm" {freeze, rElec
                  | Str+4}
 20504 | Lair:6   | Killed a dire elephant
 20686 | Lair:6   | Killed a dire elephant
 21168 | D:12     | Found a staircase to the Orcish Mines.
 22072 | D:12     | Reached skill level 10 in Invocations
 22236 | D:13     | Found a flagged portal.
 22377 | Bailey   | Entered a bailey
 22571 | Bailey   | Identified the +9 short sword of Joank {pierce, +Rage}
 22618 | D:13     | Noticed Xuta's ghost (journeyman FoFi)
 23051 | D:13     | Found Poamif's General Store.
 23106 | D:13     | Found a transporter.
 23107 | D:13     | Found a transporter.
 23200 | D:14     | Reached XP level 15. HP: 103/117 MP: 28/28
 23201 | D:14     | Found a gate to the Vaults.
 23416 | D:14     | Learned a level 4 spell: Petrify
 23555 | D:14     | Reached skill level 10 in Armour
 23555 | D:14     | Reached skill level 10 in Shields
 23898 | D:14     | Reached skill level 10 in Stealth
 23918 | D:14     | Reached ****** piety under Ashenzari
 23945 | D:14     | Found a large runed translucent door.
 23946 | D:14     | Found a large runed translucent door.
 23946 | D:14     | Noticed a tengu reaver
 23948 | D:14     | Noticed a shadow dragon
 24198 | D:15     | Entered Level 15 of the Dungeon
 24470 | D:15     | Found a glowing silver altar of Zin.
 24740 | D:15     | Found a staircase to the Depths.
 25615 | Orc:1    | Entered Level 1 of the Orcish Mines
 25708 | Orc:1    | Noticed Erica
 25727 | Orc:1    | Killed Erica
 25738 | Orc:1    | Reached skill level 10 in Short Blades
 25738 | Orc:1    | Reached skill level 10 in Long Blades
 25738 | Orc:1    | Reached skill level 10 in Axes
 25738 | Orc:1    | Reached skill level 10 in Maces & Flails
 25738 | Orc:1    | Reached skill level 10 in Polearms
 25738 | Orc:1    | Reached skill level 10 in Staves
 25738 | Orc:1    | Reached skill level 10 in Slings
 25738 | Orc:1    | Reached skill level 10 in Bows
 25738 | Orc:1    | Reached skill level 10 in Crossbows
 25738 | Orc:1    | Reached skill level 10 in Throwing
 25738 | Orc:1    | Reached skill level 10 in Dodging
 25738 | Orc:1    | Reached skill level 10 in Unarmed Combat
 25738 | Orc:1    | Reached skill level 10 in Spellcasting
 25738 | Orc:1    | Reached skill level 10 in Evocations
 26036 | Orc:2    | Entered Level 2 of the Orcish Mines
 26036 | Orc:2    | Found a runed translucent door.
 26036 | Orc:2    | Found the +10 large shield of Ignorance {rN+ Int-4}
 26074 | Orc:2    | Found a staircase to the Elven Halls.
 26086 | Orc:2    | Found a runed translucent door.
 26175 | Orc:2    | Found Civib's Distillery.
 26176 | Orc:2    | Found Xokucu's Distillery.
 27444 | Orc:2    | Found Wup Osau's Armour Shoppe.
 27469 | Orc:2    | Found Gaymalirgh's Gadget Shop.
 28340 | Orc:1    | Noticed Snorg
 28341 | Orc:1    | Noticed Urug
 28350 | Orc:2    | Reached XP level 16. HP: 73/125 MP: 30/30
 28845 | Orc:2    | Killed Snorg
 29214 | Orc:2    | Killed Urug
 29745 | Orc:2    | Paralysed by an orc sorcerer for 5 turns
 29749 | Orc:2    | Slain by an ogre

Levels and vault maps discovered:
D:1:      dpeg_arrival_concentric_ovals, layout_basic, st_stairs_4,
          minmay_misc_feat_more_columns
D:2:      layout_basic, nicolae_overflow_crystal_walls, lemuel_round_altar,
          first_ration
D:3:      minmay_inner_zag, layout_basic, fedhas_altar_3
D:4:      layout_cave_pools, minivault_19, uniq_duvessa, uniq_grinder
D:5:      layout_loops_ring, grunt_ministairs_8, kennysheep_generic_room_9
D:6:      layout_basic, old_standard_altar, xom_redecorated, uniq_blork_the_orc
D:7:      layout_loops_ring, minitemple, temple_hall, serial_shops,
          nicolae_shop_overgrown_old_shop
D:8:      layout_loops_corners, erik_lair_island, the_bakery
D:9:      layout_roguey, nicolae_dithmenos_shadow_blocks,
          minmay_misc_feat_ornament, zaba_anthell, uniq_psyche, uniq_maurice
D:10:     cheibrodos_barr_body, layout_basic, minmay_protected_statue,
          uniq_nergalle
D:11:     layout_long_grid, serial_undead, serial_undead_a, serial_undead_b,
          serial_undead_f, serial_undead_e, serial_shops, kennysheep_mini_moat,
          shop, kennysheep_little_box, nicolae_shop_crystal, minmay_holes
D:12:     layout_loops_ring, zombieorc2_lemuel
D:13:     layout_roguey, enter_bailey_8, serial_shops, shop,
          gammafunk_ghost_hive
D:14:     dragon1_lemuel, layout_irregular_city, david_vaults_2,
          nrook_mini_backslash, jmf_multi_god_temple2
D:15:     hangedman_depths_entry_try_elsewhere_first, layout_rooms, basic_altar,
          serial_park_square2, serial_co_window_serial, co_window_paths_a,
          co_window_corner_a, co_window_corner_a, co_window_paths_a,
          co_window_cross_1, co_window_broadway_b, co_window_corner_b,
          co_window_of_opportunity_c, co_window_cross_4,
          co_window_of_opportunity_b, co_window_2corner,
          minmay_misc_feat_encased
Temple:   bh_familiar_temple
Lair:1:   layout_small_grid
Lair:2:   layout_regular_city, elwin_shoals_entry_stream,
          guppyfry_snake_entry_garden, basic_altar, lemuel_oklob_altar,
          serial_bayou_shore_b, grunt_megastairs_5
Lair:3:   layout_regular_city, hellmonk_ghost_happy_afterlife,
          infiniplex_staircase_pool
Lair:4:   layout_cave_pods, serial_bayou_pond_d, cheibrodos_lair_reptile_den
Lair:5:   layout_cave_pods, slime_altar_2, grunt_megastairs_1
Lair:6:   due_jungle_book, layout_loops_ring, lemuel_fruit_fields
Orc:1:    layout_caves, uniq_erica, uniq_urug, uniq_snorg
Orc:2:    st_orc_open, layout_caves, chequers_guarded_unrand_ignorance

Skill      XL: |  1  2  3  4  5  6  7  8  9 10 11 12 13 14 15 |
---------------+----------------------------------------------+-----
Conjurations   | 2 3 4 5 6 7 8 9 |  9.0
Invocations    | 1 2 3 4 5 6 7 8 9 10 11 | 11.2
Short Blades   | 1 2 3 4 5 6 7 8 9 10 | 10.3
Long Blades    | 1 2 3 4 5 6 7 8 9 10 | 10.3
Axes           | 1 2 3 4 5 6 7 8 9 10 | 10.3
Maces & Flails | 1 2 3 4 5 6 7 8 9 10 | 10.3
Polearms       | 1 2 3 4 5 6 7 8 9 10 | 10.3
Staves         | 1 2 3 4 5 6 7 8 9 10 | 10.3
Slings         | 1 2 3 4 5 6 7 8 9 10 | 10.3
Bows           | 1 2 3 4 5 6 7 8 9 10 | 10.3
Crossbows      | 1 2 3 4 5 6 7 8 9 10 | 10.3
Throwing       | 1 2 3 4 5 6 7 8 9 10 | 10.3
Dodging        | 1 2 3 4 5 6 7 8 9 10 | 10.3
Unarmed Combat | 1 2 3 4 5 6 7 8 9 10 | 10.3
Spellcasting   | 1 2 3 4 5 6 7 8 9 10 | 10.3
Evocations     | 1 2 3 4 5 6 7 8 9 10 | 10.3
Hexes          | 1 2 3 4 5 6 7 8 |  8.7
Charms         | 1 2 3 4 5 6 7 8 |  8.7
Summonings     | 1 2 3 4 5 6 7 8 |  8.7
Necromancy     | 1 2 3 4 5 6 7 8 |  8.7
Translocations | 1 2 3 4 5 6 7 8 |  8.7
Transmutations | 1 2 3 4 5 6 7 8 |  8.7
Fire Magic     | 1 2 3 4 5 6 7 8 |  8.7
Ice Magic      | 1 2 3 4 5 6 7 8 |  8.7
Air Magic      | 1 2 3 4 5 6 7 8 |  8.7
Earth Magic    | 1 2 3 4 5 6 7 8 |  8.7
Armour         | 3 4 5 6 7 8 9 10 | 10.7
Shields        | 3 4 5 6 7 8 9 10 | 10.7
Fighting       | 5 6 7 8 9 10 11 | 11.2
Stealth        | 3 4 5 6 7 8 9 10 | 10.6
Poison Magic   | 8 9 10 11 | 11.1

Action                   |  1- 3 |  4- 6 |  7- 9 | 10-12 | 13-15 | 16-18 || total
-------------------------+-------+-------+-------+-------+-------+-------++-------
Melee: Unarmed           |   279 |    20 |       |       |       |       ||   299
       Bite              |    35 |    25 |    56 |   119 |   210 |    22 ||   467
       Short sword       |       |   163 |   336 |       |       |       ||   499
       Flail             |       |       |    47 |   715 |  1226 |    78 ||  2066
 Fire: Shortbow          |       |     1 |       |       |       |       ||     1
Throw: Dart              |       |       |     6 |     7 |       |       ||    13
 Cast: Spectral Weapon   |       |       |       |       |     9 |       ||     9
       Petrify           |       |       |       |       |     3 |       ||     3
Invok: Curse Item        |       |       |     1 |     1 |       |       ||     2
Evoke: Wand              |       |       |     5 |       |       |       ||     5
  Use: Scroll            |       |       |     7 |    11 |     8 |     1 ||    27
 Stab: Sleeping          |       |       |       |     8 |    26 |       ||    34
       Distracted        |       |       |       |       |     8 |       ||     8
       Petrified         |       |       |       |       |     9 |       ||     9
  Eat: Chunk             |     2 |     5 |     6 |     8 |    14 |       ||    35
       Ration            |       |     1 |     2 |     6 |     9 |     1 ||    19
Armor: Scale mail        |   172 |    83 |   168 |   205 |   189 |    19 ||   836
       Plate armour      |       |       |       |       |       |    23 ||    23
Dodge: Dodged            |    99 |    43 |   126 |   291 |   420 |    58 ||  1037
Block: Shield            |   138 |    72 |   190 |   388 |   672 |    89 ||  1549
